 Dungeon Crawl Stone Soup version 0.31.0-9-g3a7656b989 (webtiles) character file.

Game seed: 1897597164683332302

33 qw the Shooter (level 3, -4/18 (20) HPs)
             Began as a Deep Elf Hunter on Feb 2, 2024.
             Slain by Terence
             ... wielding the +7 Throatcutter {drain, coup de grace}
              (7 damage)
             ... on level 1 of the Dungeon.
             The game lasted 00:00:04 (1058 turns).

qw the Shooter (Deep Elf Hunter)                    Turns: 1058, Time: 00:00:04

HP:   -4/18 (20)    AC:  6    Str: 10    XL:     3   Next: 12%
MP:   5/5           EV:  9    Int: 13    God:
Gold: 32            SH:  0    Dex: 18    Spells: 2/2 levels left

rFire   . . .        a - +1 shortbow
rCold   . . .        (shield currently unavailable)
rNeg    . . .        h - +0 scale mail
rPois   .            (no helmet)
rElec   .            (no cloak)
rCorr   .            (no gloves)
SInv    +            (no boots)
Will    .....        (no amulet)
Stlth   +            f - ring of see invisible
HPRegen 0.23/turn    (no ring)
MPRegen 0.09/turn

%: no passive effects
@: heavily drained
A: no striking features
a: no special abilities


You were on level 1 of the Dungeon.
You visited 1 branch of the dungeon, and saw 2 of its levels.

You collected 32 gold pieces.


   Skills:
 - Level 1.5 Fighting
 + Level 6.7 Ranged Weapons
 - Level 2.4 Dodging
 - Level 1.2 Stealth


You had 2 spell levels left.
You didn't know any spells.
Your spell library was empty.

Inventory:

Hand Weapons
 a - a +1 shortbow (weapon)
Armour
 h - a +0 scale mail (worn)
Jewellery
 f - a ring of see invisible (left hand)
Potions
 d - a potion of cancellation {unknown}
 e - a potion of curing {unknown}
 g - a potion of invisibility {unknown}

Dungeon Overview and Level Annotations

Branches:
Dungeon (2/15)

Altars:

Annotations:
D:1 Terence


Message History

You shoot an arrow. The arrow closely misses the jackal.
The jackal barely misses you.
The jackal bites you but does no damage.
You shoot an arrow. The arrow hits the jackal.
The jackal is severely wounded.
The jackal bites you but does no damage. x2
You shoot an arrow. The arrow hits the jackal.
You kill the jackal!
You climb downwards.
Level annotation: Terence The jackal closely misses you.
The rat bites you.
Terence hits you with the +7 Throatcutter {drain, coup de grace}!
You feel drained.
A jackal comes into view.
The jackal bites you but does no damage.
There is a stone staircase leading up here.
1054 ||| STAIRDANCE The jackal barks!
You hear a bark!
The jackal bites you but does no damage.
The rat closely misses you.
Terence hits you with the +7 Throatcutter {drain, coup de grace}.
You feel drained.
You climb upwards.
There is a stone staircase leading down here.
You shoot an arrow. The arrow closely misses Terence.
The jackal closely misses you. Terence barely misses you.
The rat bites you but does no damage. The jackal barely misses you.
Terence barely misses you. The rat bites you but does no damage.
You shoot an arrow.
The arrow hits Terence but does no damage.
The jackal bites you. The jackal barely misses you. The rat misses you.
Terence misses you.
You shoot an arrow. The arrow hits Terence.
Terence is lightly wounded.
The jackal barely misses you. Terence barely misses you.
The rat barely misses you.
The jackal bites you but does no damage.
Terence hits you with the +7 Throatcutter {drain, coup de grace}!
You die...
Terence says, "Time to find some more victims."

#.########..#................#
#...........#..####.#..#####.#
#.##...................# #.#
#.##...........####.#..#####.#
#.##..#.##....................
#.##..#.##....................
##.##..#.......................
#.........................###..
##.##..#.#...#@r......)...###..
##.#.........#@h............#..
#.........................#.#..
##.............................
#........[.................#..
##..........................#.#
#..............................
###?..#..#.#.#...#..........#.#
#...........................#.#


You could see Terence, a jackal and a rat.

Vanquished Creatures
  A dart slug (D:1)
  3 endoplasms (D:1)
  A giant cockroach (D:1)
  A goblin (D:1)
  4 hobgoblins (D:1)
  5 jackals (D:1)
  4 ball pythons (D:1)
  A frilled lizard (D:1)
  3 kobolds (D:1)
  5 rats
28 creatures vanquished.

Notes
Turn   | Place    | Note
-------+----------+-------------------------------------------
     0 | D:1      | qw the Deep Elf Hunter began the quest for the Orb.
     0 | D:1      | Reached XP level 1. HP: 12/12 MP: 3/3
     0 | D:1      | 0 ||| qw: Version: 0.3-a-155-g5e7d8dd
     0 | D:1      | 0 ||| qw: Game counter: 2039
     0 | D:1      | 0 ||| qw: Melee chars always use a shield: true
     0 | D:1      | 0 ||| qw: God list: Okawaru
     0 | D:1      | 0 ||| qw: Allow faded altars: false
     0 | D:1      | 0 ||| qw: Do Orc after clearing Dungeon:15 true
     0 | D:1      | 0 ||| qw: Do second Lair branch before Depths: true
     0 | D:1      | 0 ||| qw: Lair rune preference: random
     0 | D:1      | 0 ||| qw: Goals: Normal
     0 | D:1      | 0 ||| PLANNING D:1-11
   315 | D:1      | Reached skill level 6 in Ranged Weapons
   315 | D:1      | Reached XP level 2. HP: 16/16 MP: 4/4
   698 | D:1      | Reached XP level 3. HP: 20/20 MP: 5/5
   745 | D:1      | Found a faded altar of an unknown god.
   916 | D:1      | 916 ||| UPGRADING to +0 scale mail.
   926 | D:1      | 926 ||| DROPPING +0 leather armour.
   927 | D:1      | 927 ||| UPGRADING to ring of see invisible.
   928 | D:1      | 928 ||| READING scroll labelled TELYRA UGEMA.
  1029 | D:1      | 1029 ||| READING scroll labelled FAZUGU XESELIN.
  1029 | D:1      | 1029 ||| ENCHANTING +0 shortbow.
  1030 | D:1      | 1030 ||| DROPPING scroll of butterflies.
  1043 | D:2      | Noticed Terence
  1045 | D:2      | 1045 ||| STAIRDANCE
  1054 | D:2      | 1054 ||| STAIRDANCE
  1054 | D:2      | HP: 4/19 [Terence/the +7 Throatcutter {drain, coup de
                  | grace} (6)]
  1058 | D:1      | Slain by Terence

Levels and vault maps discovered:
D:1:      dpeg_arrival_simpleton_a, layout_basic,
          dilly_ecumenical_altar_fadedgnrine, minmay_misc_feat_tower,
          kennysheep_crisscross, moated_statue, minmay_quantized
D:2:      layout_loops_corners, serial_shops, shop, kennysheep_generic_room_4,
          uniq_jessica, uniq_terence

Skill      XL: |  1 |
---------------+----+-----
Ranged Weapons | 6 |  6.7
Fighting       | |  1.5
Dodging        | |  2.4
Stealth        | |  1.2

Action                     || total
---------------------------++-------
   Fire: Shortbow          ||    71
    Use: Scroll            ||     2
 Armour: Leather armour    ||    11
         Scale mail        ||    17
  Dodge: Dodged            ||    32

Table legend:
 A = Non-vault XP
 B = Vault XP
 C = Vault XP percentage of total XP
 D = Non-vault monster count
 E = Vault monster count
 F = Vault count percentage of total count
                 A         B        C        D         E       F
            +---------+---------+-------+---------+---------+-------
      Total |      41 |       7 |  14.6 |      24 |       4 |  14.3
            +---------+---------+-------+---------+---------+-------
        D:1 |      40 |       7 |  14.9 |      23 |       4 |  14.8
        D:2 |       1 |       0 |   0.0 |       1 |       0 |   0.0
            +---------+---------+-------+---------+---------+-------
